 Dungeon Crawl Stone Soup version 0.19-a0-684-gf760df0 (webtiles) character file.

29174 pisswolf the Fencer (level 13, -2/110 HPs)
             Began as a Demonspawn Gladiator on June 17, 2016.
             Was an Initiate of Gozag.
             Engulfed by a fire crab's flame (10 damage)
             ... on level 5 of the Lair of Beasts.
             The game lasted 00:38:11 (22170 turns).

pisswolf the Fencer (Demonspawn Gladiator)         Turns: 22170, Time: 00:38:11

Health: -2/110     AC: 15    Str: 15    XL:     13   Next: 13%
Magic:  13/13      EV: 15    Int: 10    God:    Gozag
Gold:   2612       SH:  2    Dex: 23    Spells: 0 memorised, 12 levels left

rFire  . . .     SeeInvis .     C - +7 scimitar "Anno" {venom, MR+}
rCold  . . .     Gourm    .     s - +0 chain mail
rNeg   . . .     Faith    .     (no shield)
rPois  +         Spirit   .     (helmet restricted)
rElec  .         Dismiss  .     (no cloak)
rCorr  .         Reflect  +     w - +0 pair of gloves (curse)
SustAt .         Harm     .     N - +2 pair of boots
MR     +....                    c - +2 amulet of reflection
Stlth  +.........               (no ring)
                                k - +3 ring of evasion

@: somewhat resistant to hostile enchantments, very unstealthy
A: hooves 2, horns 1, thin skeletal structure 2, demonic guardian 1,
nightstalker 1, poison resistance, robust 1
a: Potion Petition, Call Merchant, Bribe Branch, Renounce Religion


You were on level 5 of the Lair of Beasts.
You worshipped Gozag.
Gozag was noncommittal.
You were not hungry.

You visited 3 branches of the dungeon, and saw 17 of its levels.

You collected 4176 gold pieces.
You spent 628 gold pieces at shops.
You paid 936 gold pieces to Gozag.

Inventory:

Hand Weapons
 a - a +1 long sword
 C - the +7 scimitar "Anno" (weapon) {venom, MR+}
   (You bought it in a shop on level 4 of the Dungeon)

   It poisons the flesh of those it strikes.
   It affects your resistance to hostile enchantments.
Missiles
 b - 3 tomahawks of returning
 d - 3 throwing nets (quivered)
 H - 6 poisoned tomahawks
Armour
 i - a +1 helmet
 s - a +0 chain mail (worn)
 w - a cursed +0 pair of gloves (worn)
 N - a +2 pair of boots (worn)
Jewellery
 c - a +2 amulet of reflection (around neck)
 f - an uncursed ring of ice
 k - a +3 ring of evasion (left hand)
 p - an uncursed amulet of guardian spirit
 q - an uncursed ring of fire
Wands
 D - a wand of digging (6/24)
 F - a wand of flame (17/48)
 G - a wand of digging (13/24)
 I - a wand of paralysis (7/24)
 M - a wand of random effects (32/48)
 S - a wand of slowing (18/48)
Scrolls
 j - 3 scrolls of remove curse
 y - 2 scrolls of enchant armour
 z - 3 scrolls of fog
 J - 7 scrolls of identify
 O - 2 scrolls of teleportation
 Q - a scroll of amnesia
 R - a scroll of magic mapping
Potions
 e - 2 potions of ambrosia
 g - 5 potions of might
 l - 2 potions of cancellation
 m - 2 potions of cure mutation
 n - 4 potions of agility
 r - 2 potions of invisibility
 t - 5 potions of brilliance
 v - 7 potions of resistance
 x - a potion of lignification
 A - 4 potions of flight
 B - 2 potions of magic
 E - 4 potions of curing
 L - a potion of haste
Books
 P - a book of Cantrips

   Spells                             Type                      Level
   a - Corona                         Hexes                        1
   b - Animate Skeleton               Necromancy                   1
   c - Summon Small Mammal            Summoning                    1
   d - Apportation                    Translocation                1
Comestibles
 h - 4 meat rations
 o - 3 beef jerkies
 K - a bread ration


   Skills:
 + Level 8.9 Fighting
 - Level 15.0 Long Blades
 - Level 1.7 Throwing
 + Level 8.0 Armour
 + Level 8.7 Dodging


You had 12 spell levels left.
You didn't know any spells.

Dungeon Overview and Level Annotations

Branches:
Dungeon (10/15)            Temple (1/1) D:4            Lair (6/6) D:9
 Shoals (0/4) Lair:2       Spider (0/4) Lair:3        Slime (0/5) Lair:5
    Orc: D:9-12

Altars:
Ashenzari
Dithmenos
Fedhas
Gozag
Hepliaklqana
Kikubaaqudgha
Makhleb
Nemelex Xobeh
Okawaru
Pakellas
Ru
Sif Muna
Uskayaw
Vehumet
Yredelemnul
The Shining One

Shops:
D:4 :**[*   D:7 *   D:8 %   Lair:1 [


Innate Abilities, Weirdness & Mutations

You have hoof-like feet.
You have a moderately thin skeletal structure. (Dex +4, Stealth+)
A weak demonic guardian rushes to your aid.
You are slightly more attuned to the shadows.
You have a pair of small horns on your head.
Your system is resistant to poisons. (rPois)
You are robust. (+10% HP)


Message History

The fire crab breathes flames at you. The blast of flame engulfs you!
Your quasit is engulfed in roaring flames.
You completely miss the fire crab. You headbutt the fire crab.
The fire crab is lightly wounded.
You are engulfed in roaring flames.
Your quasit is engulfed in roaring flames.
Your quasit bites the fire crab.
Your quasit claws the fire crab but does no damage. x2
The fire crab bites you.
You are engulfed in flames!
* * * LOW HITPOINT WARNING * * *
The fire crab claws you!
* * * LOW HITPOINT WARNING * * *
You are engulfed in flames!
* * * LOW HITPOINT WARNING * * *
You closely miss the fire crab.
The fire crab is lightly wounded.
You are engulfed in roaring flames.
You die...
Your body crumbles into a pile of gold.

#####...#.PP.#.....#.
#..##................
###.#..................
####.>#...................
#.....#...................
###...............##.......
##.#...............P........ ##
###.#......§§t§.P.............
.###...........§@5...............
###............§§§.P.............
.#.#..#.......................<..
..#.P...........>$...............
..#........P....$................
...................##............
................................#
...............................##
.......#.........................


You could see a fire crab and a friendly quasit.

Vanquished Creatures
  The ghost of pisswolf the Carver, a journeyman FoFi of Cheibriados (D:9)
  A catoblepas (Lair:5)
  3 death yaks (Lair:5)
  Pikel (D:8)
  3 elephants (Lair:6)
  Joseph (D:8)
  A black mamba (Lair:4)
  10 spiny frogs
  2 rime drakes
  9 komodo dragons
  A troll (D:9)
  A polar bear (Lair:6)
  2 boulder beetles
  Grinder (D:5)
  4 blink frogs (Lair:6)
  A redback (Lair:3)
  A basilisk (Lair:4)
  39 yaks
  A hungry ghost (D:9)
  4 hippogriffs
  A steam dragon (D:9)
  12 water moccasins
  6 porcupines
  An orc warrior (D:9)
  4 black bears
  5 ice beasts
  3 phantoms
  3 slaves (D:8)
  A sky beast (D:6)
  A necrophage (D:9)
  8 wolves (Lair:3)
  5 ogres
  7 crocodiles
  7 centaurs
  3 big kobolds
  9 giant frogs
  A wyvern zombie (D:8)
  4 scorpions
  2 vampire bats (D:9)
  3 wights (D:9)
  2 crimson imps
  A howler monkey (D:4)
  3 giant frog zombies
  A quasit (D:9)
  19 jellies
  3 hounds
  7 orc priests
  2 centaur skeletons (D:9)
  A giant frog skeleton (D:8)
  4 orc wizards
  4 iguanas
  3 worker ants
  17 sheep
  A hound zombie (D:5)
  A hound skeleton (D:6)
  A worker ant zombie (D:9)
  Robin (D:3)
  14 adders
  6 gnolls
  2 howler monkey skeletons
  51 river rats
  2 shadow imps
  An ooze (Lair:5)
  An adder zombie (D:6)
  3 worms
  4 dart slugs
  6 giant geckos
  24 orcs
  13 bats
  4 bat skeletons (D:9)
  A bat zombie (D:9)
  6 giant cockroaches
  12 hobgoblins
  13 jackals
  21 kobolds
  2 quokkas
  2 ball pythons
  4 giant newts
  16 goblins
  A jackal skeleton (D:4)
  5 rats
458 creatures vanquished.

Vanquished Creatures (collateral kills)
  A hydra (Lair:5)
  A griffon (Lair:6)
  Sigmund (D:4)
  2 yaks
  A hippogriff (D:7)
  A big kobold (D:7)
  A howler monkey (D:9)
  A centaur skeleton (D:3)
  A gnoll (D:2)
  A dart slug (D:3)
  2 kobolds (D:7)
13 creatures vanquished.

Vanquished Creatures (others)
  4 fungi
4 creatures vanquished.

Grand Total: 475 creatures vanquished

Notes
Turn   | Place    | Note
--------------------------------------------------------------
     0 | D:1      | pisswolf the Demonspawn Gladiator began the quest for the Orb.
     0 | D:1      | Reached XP level 1. HP: 16/16 MP: 1/1
     6 | D:1      | Noticed a hog
     6 | D:1      | Noticed a six-headed hydra
     6 | D:1      | Noticed a killer bee
     7 | D:1      | Noticed a swamp worm
     7 | D:1      | Noticed an iguana
   333 | D:1      | Reached skill level 3 in Long Blades
   724 | D:1      | Gained mutation: A weak demonic guardian rushes to your aid. [demonic ancestry]
   724 | D:1      | Reached XP level 2. HP: 22/22 MP: 2/2
  1398 | D:2      | Gained mutation: You have a somewhat thin skeletal structure. (Dex +2, Stealth) [demonic ancestry]
  1398 | D:2      | Reached XP level 3. HP: 14/27 MP: 3/3
  1400 | D:2      | Reached skill level 4 in Long Blades
  1729 | D:2      | Reached XP level 4. HP: 28/33 MP: 4/4
  1873 | D:2      | Found a sparkling altar of Nemelex Xobeh.
  2741 | D:3      | Reached skill level 5 in Long Blades
  2778 | D:3      | Gained mutation: You have large cloven feet. [demonic ancestry]
  2778 | D:3      | Reached XP level 5. HP: 36/38 MP: 5/5
  3186 | D:3      | Found a shattered altar of Ashenzari.
  3214 | D:3      | Found a radiant altar of Vehumet.
  3234 | D:3      | Noticed Robin
  3246 | D:3      | Killed Robin
  3261 | D:3      | Reached skill level 6 in Long Blades
  3708 | D:3      | Found an oddly glowing altar of Pakellas.
  4014 | D:4      | Found Lual's General Store.
  4036 | D:4      | Noticed Sigmund
  4056 | D:4      | Killed Sigmund
  4056 | D:4      | Gained mutation: You have hoof-like feet. [demonic ancestry]
  4056 | D:4      | Reached XP level 6. HP: 21/44 MP: 6/6
  4249 | D:4      | Found Ydots's Armour Shop.
  4686 | D:4      | Found Ceen Keo's General Store.
  4738 | D:4      | Found Yteuppuo's General Store.
  4813 | D:4      | Found Dyschey's Book Boutique.
  4819 | D:4      | Gained mutation: You have a pair of small horns on your head. [potion of mutation]
  4819 | D:4      | Gained mutation: Your system is resistant to poisons. (rPois) [potion of mutation]
  4819 | D:4      | Gained mutation: You are robust. (+10% HP) [potion of mutation]
  4989 | D:4      | Found an iron altar of Okawaru.
  4989 | D:4      | Found a sacrificial altar of Ru.
  4993 | D:4      | Found a staircase to the Ecumenical Temple.
  4999 | Temple   | Entered the Ecumenical Temple
  5074 | Temple   | Became a worshipper of Gozag Ym Sagoz the Greedy
  5244 | D:5      | Entered Level 5 of the Dungeon
  5246 | D:5      | Reached skill level 7 in Long Blades
  5325 | D:5      | Reached XP level 7. HP: 53/55 MP: 7/7
  5757 | D:5      | Reached skill level 8 in Long Blades
  5801 | D:5      | Noticed Grinder
  5816 | D:5      | Killed Grinder
  6007 | D:6      | Found a basalt altar of Yredelemnul.
  6083 | D:6      | Gained mutation: You have a moderately thin skeletal structure. (Dex +4, Stealth+) [demonic ancestry]
  6083 | D:6      | Reached XP level 8. HP: 49/61 MP: 8/8
  6100 | D:6      | Reached skill level 9 in Long Blades
  6376 | D:6      | Found a shadowy altar of Dithmenos.
  6782 | D:7      | Reached skill level 10 in Long Blades
  6946 | D:7      | Found a hide-covered altar of Uskayaw.
  6992 | D:7      | Reached skill level 11 in Long Blades
  6992 | D:7      | Gained mutation: You are slightly more attuned to the shadows. [demonic ancestry]
  6992 | D:7      | Reached XP level 9. HP: 58/67 MP: 9/9
  7213 | D:7      | Found Jonnap's General Store.
  7298 | D:4      | Bought the +7 scimitar "Anno" {venom, MR+} for 628 gold pieces
  7656 | D:7      | Found a glowing golden altar of the Shining One.
  8057 | D:8      | Noticed Pikel
  8202 | D:8      | Noticed Joseph
  8226 | D:8      | Killed Joseph
  8226 | D:8      | Reached skill level 12 in Long Blades
  8591 | D:8      | Killed Pikel
  8759 | D:8      | Found Mesoziur's Food Boutique.
  8909 | D:9      | Reached skill level 13 in Long Blades
  8909 | D:9      | Reached XP level 10. HP: 48/73 MP: 10/10
  9126 | D:9      | Found a blossoming altar of Fedhas.
  9179 | D:9      | Found a staircase to the Lair.
 10322 | D:9      | Reached skill level 14 in Long Blades
 10381 | D:9      | Noticed pisswolf's ghost (journeyman FoFi)
 11932 | D:9      | Found an ancient bone altar of Kikubaaqudgha.
 12203 | D:10     | Entered Level 10 of the Dungeon
 12210 | D:10     | Noticed a queen ant
 12243 | D:9      | Killed pisswolf's ghost
 12368 | Lair:1   | Entered Level 1 of the Lair of Beasts
 12384 | Lair:1   | Reached skill level 15 in Long Blades
 12384 | Lair:1   | Reached XP level 11. HP: 60/79 MP: 11/11
 12438 | Lair:1   | Reached skill level 1 in Armour
 14768 | Lair:2   | Reached skill level 5 in Dodging
 15288 | Lair:2   | Reached skill level 5 in Fighting
 15706 | Lair:2   | Found a staircase to the Shoals.
 16686 | Lair:3   | Reached skill level 5 in Armour
 17084 | Lair:3   | Reached XP level 12. HP: 41/96 MP: 12/12
 17181 | Lair:2   | HP: 2/96 [spiny frog (20)]
 18148 | Lair:3   | Found a hole to the Spider Nest.
 18898 | Lair:4   | Noticed a four-headed hydra
 19843 | Lair:5   | Noticed a six-headed hydra
 19864 | Lair:5   | Killed a six-headed hydra
 20206 | Lair:5   | Found a staircase to the Slime Pits.
 20426 | Lair:5   | Noticed a catoblepas
 20445 | Lair:5   | Killed a catoblepas
 20797 | Lair:6   | Entered Level 6 of the Lair of Beasts
 21337 | Lair:6   | Noticed a death yak
 21338 | Lair:6   | Noticed a death yak
 21338 | Lair:6   | Noticed a catoblepas
 21344 | Lair:6   | Noticed a death yak
 21389 | Lair:5   | Killed a death yak
 21578 | Lair:6   | Reached XP level 13. HP: 47/108 MP: 13/13
 22170 | Lair:5   | Engulfed by a fire crab's flame

Vault maps used:
D:1:      onia_arrival_zoo_common
D:2:      nemelex_xobeh_ov_fountains_minmay, first_bread, st_stairs_7
D:3:      overflow_temple_1_default, old_standard_altar, vehumet_crystals,
          hangedman_decor_riveting, uniq_robin
D:4:      gammafunk_temple_overflow_wave, minmay_temple_entry_hall,
          serial_shops, shop, shop, shop, kennysheep_mini, shop_statue,
          uniq_sigmund
D:5:      uniq_grinder
D:6:      marbit_many_paths, nicolae_dithmenos_the_darkroom
D:7:      eat_drink_and_be_merry_uskayaw, tso_altar, serial_shops, shop,
          hangedman_decor_clover_reticule
D:8:      serial_shops, kennysheep_mini_moat, uniq_pikel, uniq_joseph
D:9:      minmay_imperfect_grid, kennysheep_vampire_church,
          hangedman_tree_tricks
D:10:     zombieorc2_lemuel, minmay_another_anthill
Temple:   chambers_temple_12
Lair:1:   lab_entry_generic
Lair:2:   elwin_shoals_entry_rocks, nicolae_volcano_entry_two_sided
Lair:3:   spider_nest_entry_a, patterned_corridor, serial_bayou_shore_b
Lair:5:   minmay_slime_entry_jelly_boxes
Lair:6:   grunt_lair_end_beastmaster, st_stairs_3, grunt_megastairs_3

Skill      XL: |  1  2  3  4  5  6  7  8  9 10 11 12 13 |
---------------+----------------------------------------+-----
Long Blades    | 3 4 5 6 7 8 11 13 15 | 15.0
Armour         | 5 7 8 |  8.0
Dodging        | 6 8 |  8.7
Fighting       | 6 8 |  8.9
Throwing       | |  1.7

Action                   |  1- 3 |  4- 6 |  7- 9 | 10-12 | 13-15 || total
-------------------------+-------+-------+-------+-------+-------++-------
Melee: Long sword        |    96 |   272 |   190 |       |       ||   558
       Kick              |       |    41 |   106 |   258 |       ||   405
       Headbutt          |       |     7 |    73 |   234 |    21 ||   335
       Scimitar          |       |       |   101 |   896 |    60 ||  1057
Throw: Throwing net      |       |       |       |     2 |       ||     2
Invok: Potion Petition   |       |       |     1 |     1 |       ||     2
       Call Merchant     |       |       |       |     1 |       ||     1
Evoke: Wand              |       |       |       |     4 |       ||     4
  Use: Scroll            |       |    16 |     5 |     7 |       ||    28
       Potion            |       |     4 |     2 |     2 |       ||     8
 Stab: Sleeping          |     2 |       |       |     1 |       ||     3
       Distracted        |       |     1 |     5 |     6 |     2 ||    14
  Eat: Chunk             |     3 |     8 |       |       |       ||    11
       Bread ration      |       |     1 |     2 |     4 |       ||     7
       Fruit             |       |       |     4 |    15 |     5 ||    24
       Pizza             |       |       |       |     2 |       ||     2
       Meat ration       |       |       |       |     2 |       ||     2
Armor: Leather armour    |    16 |       |       |       |       ||    16
       Ring mail         |       |    79 |       |       |       ||    79
       Chain mail        |       |    16 |   112 |   270 |    22 ||   420
       Scale mail        |       |     7 |       |       |       ||     7
Dodge: Dodged            |    82 |   238 |   112 |   425 |    39 ||   896
Block: Other             |       |     2 |    17 |    42 |     6 ||    67
       Reflection        |       |     1 |     1 |       |       ||     2
